 Dungeon Crawl Stone Soup version 0.30.0-30-g96aa6591b8 (webtiles) character file.

Game seed: 10050877606727065928

710 Ayven the Covered (level 7, 0/62 HPs)
             Began as a Minotaur Fighter on June 29, 2023.
             Slain by a wyvern zombie (8 damage)
             ... in an ossuary.
             The game lasted 00:15:27 (4109 turns).

Ayven the Covered (Minotaur Fighter)                Turns: 4109, Time: 00:15:28

Health: 0/62       AC: 12    Str: 23    XL:     7   Next: 40%
Magic:  6/6        EV:  7    Int:  5    God:
Gold:   186        SH:  5    Dex:  9    Spells: 6/6 levels left

rFire   . . .        a - +0 war axe
rCold   . . .        c - +0 buckler
rNeg    . . .        h - +0 plate armour
rPois   .            (helmet restricted)
rElec   .            (no cloak)
rCorr   .            (no gloves)
SInv    .            (no boots)
Will    .....        n - amulet of faith Stlth
                     p - ring of flight
HPRegen 0.30/turn    (no ring)
MPRegen 0.10/turn

%: faith
@: mighty, flying, hasted, very quick
A: horns 2, retaliatory headbutt
a: no special abilities


You were in an ossuary.
You visited 1 branch of the dungeon, and saw 5 of its levels.
You also visited: Ossuary.

You collected 186 gold pieces.

Inventory:

Hand Weapons
 a - a +0 war axe (weapon)
Armour
 c - a +0 buckler (worn)
 h - a +0 plate armour (worn)
Jewellery
 n - an amulet of faith (around neck)
 p - a ring of flight (left hand)
Scrolls
 m - a scroll of amnesia
 r - a scroll of poison {unknown}
 s - a scroll of teleportation {unknown}
Potions
 g - 4 potions of flight
 i - a potion of mutation {unknown}
 j - a potion of heal wounds {unknown}
 l - 2 potions of magic
 o - a potion of invisibility {unknown}


   Skills:
 * Level 5.6 Fighting
 * Level 5.0 Axes
 * Level 5.7 Armour
 * Level 3.7 Dodging
 * Level 5.6 Shields


You had 6 spell levels left.
You didn't know any spells.
Your spell library contained the following spells:

 Spells                   Type           Power      Damage    Failure   Level
 Magic Dart               Conj           0%         1d3       100%        1
 Blink                    Tloc           0%         N/A       100%        2
 Call Imp                 Summ           0%         N/A       100%        2
 Mephitic Cloud           Conj/Pois/Air  0%         N/A       100%        3
 Volatile Blastmotes      Fire/Tloc      0%         2d10      100%        3
 Fulminant Prism          Conj/Hex       0%         3d5       100%        4
 Iskenderun's Mystic Bla  Conj/Tloc      0%         2d3       100%        4
 Manifold Assault         Tloc           0%         N/A       100%        4
 Lee's Rapid Deconstruct  Erth           0%         3d4*      100%        5
 Summon Forest            Summ/Tloc      0%         N/A       100%        5
 Summon Mana Viper        Hex/Summ       0%         N/A       100%        5
 Summon Cactus Giant      Summ           0%         N/A       100%        6
 Storm Form               Tmut/Air       0%         N/A       100%        7


Dungeon Overview and Level Annotations

Branches:
Dungeon (5/15)             Temple (0/1) D:4         Ossuary (1/1)

Altars:
Ashenzari
Makhleb
Uskayaw

Shops:
D:1 **!   D:2 (   D:4 *

Annotations:
D:5 Edmund


Innate Abilities, Weirdness & Mutations

You have a pair of horns on your head.
You reflexively headbutt those who attack you in melee.


Message History

You barely miss the bullfrog zombie.
The bullfrog zombie is almost destroyed.
The bullfrog zombie hits you.
You slash the bullfrog zombie!
You destroy the bullfrog zombie!
The hornet zombie barely misses you.
You barely miss the hornet zombie. The hornet zombie hits you.
* * * LOW HITPOINT WARNING * * *
You feel very mighty all of a sudden. The hornet zombie hits you.
* * * LOW HITPOINT WARNING * * *
You closely miss the hornet zombie. You headbutt the hornet zombie!!
The hornet zombie is moderately damaged.
Your hearing returns.
The hornet zombie hits you but does no damage.
You barely miss the hornet zombie. You headbutt the hornet zombie.
The hornet zombie is moderately damaged.
The hornet zombie hits you but does no damage.
You slice the hornet zombie!!
The hornet zombie is severely damaged.
You block the hornet zombie's attack.
You slash the hornet zombie! Your headbutt misses the hornet zombie.
The hornet zombie is almost destroyed.
You block the hornet zombie's attack.
You barely miss the hornet zombie. Your headbutt misses the hornet zombie.
The hornet zombie is almost destroyed.
The hornet zombie hits you.
* * * LOW HITPOINT WARNING * * *
You slash the hornet zombie!
You destroy the hornet zombie!
A howler monkey zombie comes into view.
A mummy comes into view.
Your Axes skill increases to level 5!
You slash the wyvern zombie! You headbutt the wyvern zombie.
The wyvern zombie is heavily damaged.
The wyvern zombie bites you.
* * * LOW HITPOINT WARNING * * *
You barely miss the wyvern zombie.
The wyvern zombie is heavily damaged.
The wyvern zombie bites you!
You die... ## ## #. .# #'#Z# MZZ

##Z##
#.@.#
#.∩.#
#..∩#
#####


You could see a mummy, a wyvern zombie, 2 centaur zombies and a howler monkey
zombie.

Vanquished Creatures
  A hornet zombie (Ossuary)
  An ogre (D:4)
  A wyvern zombie (Ossuary)
  A howler monkey (D:5)
  A centaur zombie (Ossuary)
  A bullfrog zombie (Ossuary)
  3 hounds
  A sleepcap (D:4)
  Jessica (D:2)
  An iguana (D:5)
  An orc wizard (D:4)
  A killer bee zombie (Ossuary)
  A mummy (Ossuary)
  3 adders
  3 gnolls (D:4)
  3 worms
  3 dart slugs
  5 orcs
  3 bats
  6 endoplasms
  5 giant cockroaches
  4 goblins
  6 hobgoblins
  4 quokkas
  8 ball pythons
  8 kobolds
  10 rats
86 creatures vanquished.

Notes
Turn   | Place    | Note
-------+----------+-------------------------------------------
     0 | D:1      | Ayven the Minotaur Fighter began the quest for the Orb.
     0 | D:1      | Reached XP level 1. HP: 19/19 MP: 0/0
    54 | D:1      | Found Bamargh's Distillery.
   265 | D:1      | Found Nymimn's Assorted Antiques.
   360 | D:1      | Reached XP level 2. HP: 27/27 MP: 1/1
   431 | D:1      | Found Goattivud's Assorted Antiques.
  1015 | D:2      | Reached skill level 1 in Dodging
  1015 | D:2      | Reached XP level 3. HP: 33/33 MP: 2/2
  1023 | D:2      | Found Lefa's Weapon Shoppe.
  1023 | D:2      | Noticed Jessica
  1040 | D:2      | Killed Jessica
  1041 | D:2      | Reached XP level 4. HP: 31/40 MP: 3/3
  1864 | D:3      | Found a hide-covered altar of Uskayaw.
  2087 | D:3      | Found a burning altar of Makhleb.
  2783 | D:4      | Reached XP level 5. HP: 27/47 MP: 4/4
  2989 | D:4      | Identified the +8 whip of Duty {heavy, Dex+5}
  3024 | D:4      | Found a broken altar of Ashenzari.
  3174 | D:4      | Found Cesinat's Fire Supplies.
  3179 | D:4      | Noticed an ogre
  3183 | D:4      | Killed an ogre
  3184 | D:4      | Reached skill level 5 in Fighting
  3184 | D:4      | Reached skill level 5 in Armour
  3184 | D:4      | Reached XP level 6. HP: 37/56 MP: 5/5
  3664 | D:4      | Found a staircase to the Ecumenical Temple.
  3907 | D:5      | Entered Level 5 of the Dungeon
  3907 | D:5      | Noticed Edmund
  3931 | D:5      | Reached skill level 5 in Shields
  4027 | D:5      | Found a sand-covered staircase.
  4032 | Ossuary  | Entered an ossuary
  4089 | Ossuary  | Reached XP level 7. HP: 38/61 MP: 6/6
  4108 | Ossuary  | Reached skill level 5 in Axes
  4109 | Ossuary  | Slain by a wyvern zombie

Illustrated notes

Levels and vault maps discovered:
D:1:      heliophobic_arrival_battle_scene, layout_loops_corners, serial_shops,
          nicolae_lakefront_shop, shop, shop, minivault_26
D:2:      layout_basic, serial_shops, nicolae_shop_trees, uniq_jessica
D:3:      layout_basic, mainiacjoe_overflow_cross_hatched,
          lightli_temple_of_fire, minivault_23
D:4:      layout_loops_ring, lemuel_crystal_altar, temple_green, serial_rivers,
          chequers_serial_rivers_marsh, chequers_serial_rivers_micro_e,
          chequers_serial_rivers_micro_c, chequers_serial_rivers_micro_b,
          chequers_serial_rivers_micro_a, chequers_serial_rivers_large_b,
          minmay_misc_feat_plants, nicolae_shop_fire_sale
          [nicolae_sub_dead_trees], grunt_ministairs_1
D:5:      layout_rooms, jmf_multi_god_temple, enter_ossuary_2, uniq_edmund
Ossuary:  ossuary_zaba_flooded

Skill      XL: |  1  2  3  4  5  6  7 |
---------------+----------------------+-----
Armour         | 4 5 |  5.7
Fighting       | 4 5 |  5.6
Axes           | 3 4 5 |  5.0
Dodging        | 1 2 3 |  3.7
Shields        | 4 5 |  5.6

Action                     |  1- 3 |  4- 6 |  7- 9 || total
---------------------------+-------+-------+-------++-------
  Melee: War axe           |    64 |   137 |    20 ||   221
         Headbutt          |     8 |    23 |     5 ||    36
    Use: Scroll            |       |     8 |       ||     8
         Potion            |       |     6 |     1 ||     7
 Armour: Scale mail        |    16 |       |       ||    16
         Plate armour      |    26 |   108 |     4 ||   138
  Dodge: Dodged            |    31 |    41 |     4 ||    76
  Block: Buckler           |    16 |    29 |     4 ||    49
